 Dungeon Crawl Stone Soup version 0.31-a0-187-gba352fbbf7 (webtiles) character file.

Game seed: 13830179273222035843

1146 qw the Skirmisher (level 8, -4/46 HPs)
             Began as a Deep Elf Hunter on June 22, 2023.
             Slain by Duvessa
             ... wielding a +0 short sword
              (6 damage)
             ... on level 5 of the Dungeon.
             The game lasted 00:01:23 (3021 turns).

qw the Skirmisher (Deep Elf Hunter)                 Turns: 3021, Time: 00:01:23

Health: -4/46      AC:  7    Str: 10    XL:     8   Next: 15%
Magic:  10/10      EV: 11    Int: 15    God:
Gold:   228        SH:  0    Dex: 18    Spells: 7/7 levels left

rFire   . . .        Y - +2 orcbow (drain)
rCold   . . .        (shield currently unavailable)
rNeg    . . .        m - +0 ring mail
rPois   .            b - +0 helmet
rElec   .            j - +0 cloak
rCorr   .            (no gloves)
SInv    .            (no boots)
Will    .....        g - amulet of the acrobat
Stlth   +            (no ring)
HPRegen 0.27/turn    (no ring)
MPRegen 0.12/turn

%: acrobat
@: no status effects
A: no striking features
a: no special abilities


You were on level 5 of the Dungeon.
You visited 1 branch of the dungeon, and saw 5 of its levels.

You collected 228 gold pieces.


   Skills:
 - Level 3.2 Fighting
 - Level 12.4 Ranged Weapons
 - Level 1.3 Armour
 + Level 3.0 Dodging
 - Level 1.2 Stealth


You had 7 spell levels left.
You didn't know any spells.
Your spell library was empty.

Inventory:

Hand Weapons
 Y - a +2 orcbow of draining (weapon)
Armour
 b - a +0 helmet (worn)
 j - a +0 cloak (worn)
 m - a +0 ring mail (worn)
Jewellery
 g - an amulet of the acrobat (around neck)
Scrolls
 d - a scroll of amnesia {unknown}
 i - a scroll of identify
Potions
 a - a potion of might
 c - a potion of attraction {unknown}
 f - 2 potions of enlightenment
 k - a potion of curing
 l - a potion of degeneration {unknown}

Dungeon Overview and Level Annotations

Branches:
Dungeon (5/15)
 Temple: D:4-7

Altars:
Vehumet

Annotations:
D:5 Duvessa


Message History

Dowan is heavily wounded.
You shoot an arrow.
The arrow hits Dowan but does no damage.
You drain Dowan.
Dowan is severely wounded.
Duvessa, Sister of Dowan comes into view.
She is wielding a +0 short sword and wearing a +3 leather armour of cold resistance.
Dowan misses you.
You shoot an arrow. The arrow completely misses Dowan.
Duvessa barely misses you.
Dowan smirks and points a slender finger.
Dowan barely misses you.
You shoot an arrow. The arrow hits Dowan.
Dowan is severely wounded.
Duvessa hits you but does no damage. Dowan gestures at you while chanting.
The puff of frost hits you!
You shoot an arrow. The arrow hits Dowan!
You kill Dowan!
Duvessa screams, "No!
How DARE you!"
Duvessa goes berserk!
Duvessa hits you with a +0 short sword! Duvessa hits you with a +0 short sword.
Your Fighting skill increases to level 3!
You shoot an arrow.
The arrow hits Duvessa but does no damage.
Duvessa closely misses you.
You shoot an arrow.
The arrow hits Duvessa but does no damage.
Duvessa hits you with a +0 short sword. Duvessa barely misses you.
You shoot an arrow. The arrow closely misses Duvessa.
Duvessa hits you with a +0 short sword.
You shoot an arrow. The arrow hits Duvessa.
Duvessa is lightly wounded.
Duvessa hits you but does no damage. Duvessa hits you with a +0 short sword!
You shoot an arrow. The arrow hits Duvessa!
You drain Duvessa.
Duvessa is heavily wounded.
Duvessa hits you with a +0 short sword.
You shoot an arrow. The arrow hits Duvessa.
You drain Duvessa.
Duvessa is severely wounded.
Duvessa hits you with a +0 short sword! Duvessa hits you with a +0 short sword.
You die...

#.######.# #.#...#
....#.##.###.##..#
#....#...##...#..#
#................#
.......####...##.#
.......# ##.....#
.......# #####.#
......# #.#
......# #@#
...##.# #....le)#
#.###.# #.....#.#
#.###.# #.....#.#
.>....## ###.# #.#
..##...## #. #.#
.....>..####.# #.#
##...........# #.#
#.##.######.#


You could see Duvessa (berserk, very drained) and an iguana.

Vanquished Creatures
  Eustachio (D:5)
  3 black bears
  An ogre (D:3)
  A centaur (D:5)
  A phantom (D:5)
  2 scorpions
  Dowan (D:5)
  A jelly (D:4)
  2 hounds (D:4)
  An iguana (D:5)
  Jessica (D:3)
  Natasha (thrice) (D:3)
  5 adders
  An ufetubus (D:4)
  2 dart slugs
  6 orcs (D:4)
  4 ball pythons
  5 endoplasms
  5 giant cockroaches
  7 goblins
  10 hobgoblins
  7 jackals
  3 quokkas
  8 bats
  3 frilled lizards
  6 kobolds (D:1)
  3 rats
93 creatures vanquished.

Notes
Turn   | Place    | Note
-------+----------+-------------------------------------------
     0 | D:1      | qw the Deep Elf Hunter began the quest for the Orb.
     0 | D:1      | Reached XP level 1. HP: 12/12 MP: 3/3
     0 | D:1      | 0 ||| qw: Version: 0.3-a-9-g12657ce
     0 | D:1      | 0 ||| qw: Game counter: 2345
     0 | D:1      | 0 ||| qw: Always use a shield: true
     0 | D:1      | 0 ||| qw: God list: Okawaru
     0 | D:1      | 0 ||| qw: Allow faded altars: false
     0 | D:1      | 0 ||| qw: Do Orc after D:15 true
     0 | D:1      | 0 ||| qw: Do second Lair branch before Depths: true
     0 | D:1      | 0 ||| qw: Lair rune preference: random
     0 | D:1      | 0 ||| qw: Plans: Normal
     0 | D:1      | 0 ||| PLANNING D:1-11
   218 | D:1      | Reached XP level 2. HP: 16/16 MP: 4/4
   223 | D:1      | Reached skill level 6 in Ranged Weapons
   450 | D:1      | Reached XP level 3. HP: 20/20 MP: 5/5
   590 | D:1      | 590 ||| UPGRADING to amulet of the acrobat.
   685 | D:1      | 685 ||| READING scroll labelled GIN ASSOXKISHINTU.
   686 | D:1      | 686 ||| READING scroll labelled BITUNO DAERUST.
   687 | D:1      | 687 ||| READING scroll labelled GAEHETHU SOUFI.
   725 | D:1      | 725 ||| DROPPING scroll of butterflies.
   737 | D:2      | Reached skill level 7 in Ranged Weapons
   983 | D:2      | Noticed a scorpion
   988 | D:2      | HP: 5/20 [scorpion (5)]
   991 | D:2      | Killed a scorpion
   992 | D:2      | Reached skill level 8 in Ranged Weapons
   992 | D:2      | Reached XP level 4. HP: 7/25 MP: 6/6
  1419 | D:2      | Reached XP level 5. HP: 18/29 MP: 7/7
  1675 | D:2      | 1675 ||| READING scroll labelled KEBEDU WAHOORE.
  1676 | D:2      | 1676 ||| READING scroll labelled PULAGUTU MEYSK.
  1677 | D:2      | 1677 ||| READING scroll labelled NIENOC XEISA.
  1678 | D:2      | 1678 ||| READING scroll labelled NEHOGA KINUDE.
  1679 | D:2      | 1679 ||| DRINKING 2 brown potions.
  1680 | D:2      | 1680 ||| DRINKING 2 metallic purple potions.
  1681 | D:2      | 1681 ||| DROPPING potion of brilliance.
  1695 | D:3      | Noticed an ogre
  1699 | D:3      | Killed an ogre
  1700 | D:3      | Reached skill level 9 in Ranged Weapons
  1727 | D:3      | Noticed Jessica
  1729 | D:3      | Killed Jessica
  1730 | D:3      | Reached skill level 3 in Dodging
  1766 | D:3      | Noticed Natasha
  1768 | D:3      | Killed Natasha
  1769 | D:3      | Reached XP level 6. HP: 35/35 MP: 8/8
  1786 | D:3      | Found a faded altar of an unknown god.
  1800 | D:3      | Noticed Natasha
  1802 | D:3      | Killed Natasha
  1859 | D:3      | Found a radiant altar of Vehumet.
  1926 | D:3      | Noticed Natasha
  1928 | D:3      | Killed Natasha
  2101 | D:3      | 2101 ||| UPGRADING to +0 cloak.
  2106 | D:3      | 2106 ||| UPGRADING to +0 ring mail.
  2116 | D:3      | 2116 ||| DROPPING +0 leather armour.
  2117 | D:3      | 2117 ||| READING scroll labelled YPREMU UWOIRUR.
  2117 | D:3      | Identified a scroll of acquirement
  2117 | D:3      | 2117 ||| ACQUIRING +2 orcbow of draining
  2117 | D:3      | Acquired a +2 orcbow of draining
  2119 | D:3      | 2119 ||| SWAPPING to +2 orcbow of draining.
  2120 | D:3      | 2120 ||| DROPPING +0 heavy shortbow.
  2121 | D:3      | 2121 ||| READING scroll labelled KAKHEY ZAGOQENG.
  2126 | D:3      | 2126 ||| READING 5 scrolls of identify.
  2126 | D:3      | 2126 ||| IDENTIFYING white potion
  2127 | D:3      | 2127 ||| READING 4 scrolls of identify.
  2127 | D:3      | 2127 ||| IDENTIFYING black potion
  2128 | D:3      | 2128 ||| READING 3 scrolls of identify.
  2128 | D:3      | 2128 ||| IDENTIFYING yellow potion
  2129 | D:3      | 2129 ||| READING 2 scrolls of identify.
  2129 | D:3      | 2129 ||| IDENTIFYING metallic puce potion
  2130 | D:3      | 2130 ||| DROPPING potion of magic.
  2131 | D:3      | 2131 ||| DROPPING potion of lignification.
  2173 | D:4      | Reached skill level 10 in Ranged Weapons
  2199 | D:4      | Reached skill level 1 in Armour
  2350 | D:4      | 2350 ||| FLEEEEING.
  2525 | D:4      | 2525 ||| FLEEEEING.
  2526 | D:4      | 2526 ||| FLEEEEING.
  2527 | D:4      | 2527 ||| FLEEEEING.
  2572 | D:4      | Reached XP level 7. HP: 40/40 MP: 9/9
  2773 | D:4      | 2773 ||| UPGRADING to +0 helmet.
  2778 | D:4      | 2778 ||| READING scroll labelled JOICLO OLUDUUDIU.
  2819 | D:5      | Entered Level 5 of the Dungeon
  2846 | D:5      | Reached skill level 11 in Ranged Weapons
  2966 | D:5      | Noticed Eustachio
  2979 | D:5      | Killed Eustachio
  2980 | D:5      | Reached skill level 12 in Ranged Weapons
  2980 | D:5      | Reached XP level 8. HP: 44/44 MP: 10/10
  3010 | D:5      | Noticed Dowan
  3012 | D:5      | Noticed Duvessa
  3015 | D:5      | Killed Dowan
  3016 | D:5      | Reached skill level 3 in Fighting
  3019 | D:5      | HP: 11/46 [Duvessa/+0 short sword (9)]
  3021 | D:5      | HP: 2/46 [Duvessa/+0 short sword (8)]
  3021 | D:5      | Slain by Duvessa

Levels and vault maps discovered:
D:1:      dpeg_arrival_rooms_a, layout_loops_cross, minmay_pentomino_x4
D:2:      layout_loops_corners, kennysheep_generic_room_15
D:3:      layout_rooms, nicolae_vehumet_altar_sigil,
          chequers_ecumenical_altar_grove, minivault_24, uniq_jessica,
          uniq_natasha
D:4:      layout_gridville, serial_forest, infiniplex_forest_lined_room_2,
          infiniplex_forest_clump_tiny, infiniplex_forest_lined_corner,
          infiniplex_forest_lined_2, infiniplex_forest_clump_small,
          infiniplex_forest_corner_1, infiniplex_forest_lined_room_2,
          infiniplex_forest_clump_diagonal, infiniplex_forest_lined_3_way,
          infiniplex_forest_zigzag_1, serial_bayou_pond_c
D:5:      layout_loops_ring, uniq_eustachio, uniq_duvessa

Skill      XL: |  1  2  3  4  5  6  7  8 |
---------------+-------------------------+-----
Ranged Weapons | 6 8 9 10 12 | 12.4
Dodging        | 3 |  3.0
Fighting       | 2 3 |  3.2
Armour         | 1 |  1.3
Stealth        | |  1.2

Action                     |  1- 3 |  4- 6 |  7- 9 || total
---------------------------+-------+-------+-------++-------
   Fire: Shortbow          |   114 |    61 |       ||   175
         Orcbow            |       |    46 |    58 ||   104
    Use: Scroll            |     3 |    10 |     1 ||    14
         Potion            |       |     2 |       ||     2
 Armour: Leather armour    |     3 |     5 |       ||     8
         Ring mail         |       |     9 |    12 ||    21
  Dodge: Dodged            |    18 |    33 |    19 ||    70

Table legend:
 A = Non-vault XP
 B = Vault XP
 C = Vault XP percentage of total XP
 D = Non-vault monster count
 E = Vault monster count
 F = Vault count percentage of total count
                 A         B        C        D         E       F
            +---------+---------+-------+---------+---------+-------
      Total |    1290 |     348 |  21.2 |      85 |       8 |   8.6
            +---------+---------+-------+---------+---------+-------
        D:1 |      58 |       3 |   4.9 |      32 |       3 |   8.6
        D:2 |     143 |       1 |   0.7 |      19 |       1 |   5.0
        D:3 |     205 |      73 |  26.3 |       6 |       2 |  25.0
        D:4 |     297 |       0 |   0.0 |      21 |       0 |   0.0
        D:5 |     587 |     271 |  31.6 |       7 |       2 |  22.2
            +---------+---------+-------+---------+---------+-------
